AoeStats
← TheF!nalOne

Arena

509749215Analyzed
2v2 RM · 4d ago on Sep 27, 2026· 37m 37s· 4 players
Game mode
Random Map
Map size
Medium (4 player)
Population
200
Speed
Normal
Resources
Standard
Victory
Conquest
Starting age
Dark Age
Ending age
Imperial Age
RankedLock teamsTeams togetherTeam positionsShared explorationLock speedFull tech treeHidden civsTurbo modeCheats
Victory
Defeat
🇩🇪 Danes · Germany
1009
+16
🇩🇪 Bulgarians · Germany
1005
+16
🇺🇸 Khmer · United States
1007
-16
🇺🇸 Lithuanians · United States
996
-16
BLUERACOON
3:07 Loom
9:25 Feudal Age
9:55 Double-Bit Axe
9:52 Horse Collar
17:18 Castle Age
20:26 Scale Mail Armor
20:34 Scale Barding Armor
22:46 Bloodlines
22:51 Forging
23:40 Pikeman
29:21 Iron Casting
29:28 Arson
TheF!nalOne
8:43 Feudal Age
13:13 Castle Age
13:46 Double-Bit Axe
23:12 Scale Barding Armor
26:47 Forging
29:31 Husbandry
30:53 Wheelbarrow
31:16 Stone Mining
GabbaAndy
10:35 Feudal Age
15:42 Castle Age
14:12 Horse Collar
14:33 Loom
15:50 Double-Bit Axe
20:50 Forging
23:09 Scale Barding Armor
28:45 Chain Barding Armor
31:45 Scale Mail Armor
32:21 Iron Casting
35:07 Chain Mail Armor
Snoop Dogg
10:46 Feudal Age
14:59 Castle Age
13:09 Double-Bit Axe
17:04 Loom
21:18 Forging
21:11 Scale Mail Armor
24:12 Forging
24:32 Squires
24:18 Arson
25:22 Gambesons
27:13 Chain Mail Armor
29:43 Iron Casting
32:51 Hamask
Connection lost

Rejoining the realm…

Still unreachable

The connection could not be restored.

Session expired

The server has moved on; the page needs a fresh start.